 Dungeon Crawl Stone Soup version 0.28.0-53-g5a82cb258f (webtiles) character file.

Game seed: 17011607334931957517

143 cbfl8 the Chopper (level 5, 0/42 HPs)
             Began as a Formicid Berserker on Aug 14, 2022.
             Was a Believer of Trog.
             Slain by Natasha (9 damage)
             ... on level 2 of the Dungeon on Aug 15, 2022.
             The game lasted 00:07:29 (3095 turns).

cbfl8 the Chopper (Formicid Berserker)              Turns: 3095, Time: 00:07:30

Health: 0/42       AC:  1    Str: 23    XL:     5   Next: 50%
Magic:  5/5        EV: 12    Int:  7    God:    Trog [**....]
Gold:   78         SH:  0    Dex: 10    Spells: 4/4 levels left

rFire   . . .      SeeInvis +   a - +0 hand axe
rCold   . . .      Faith    .   (no shield)
rNeg    . . .      Spirit   .   (no armour)
rPois   .          Reflect  .   (helmet unavailable)
rElec   .          Harm     .   m - +0 cloak
rCorr   .          Rampage  .   (no gloves)
Will    .....                   (no boots)
Stlth   +.........              (no amulet)
HPRegen 0.14/turn               (no ring)
MPRegen 0.09/turn               (no ring)

@: no status effects
A: permanent stasis, dig shafts and tunnels, antennae 3, four strong arms
a: Dig, Shaft Self, Renounce Religion, Trog's Hand


You were on level 2 of the Dungeon.
You worshipped Trog.
Trog was pleased with you.
You visited 1 branch of the dungeon, and saw 3 of its levels.

You collected 78 gold pieces.

Inventory:

Hand Weapons
 a - a +0 hand axe (weapon)
Missiles
 g - 25 arrows
 i - 44 sling bullets
 j - 41 stones (quivered)
Armour
 f - a +0 ring mail
 m - a +0 cloak (worn)
 o - a +0 chain mail
Jewellery
 b - an amulet of faith
Scrolls
 c - 2 scrolls of enchant armour {unknown}
 d - 3 scrolls of identify {unknown}
 e - a scroll of fear {unknown}
 h - a scroll of silence {unknown}
 n - a scroll of teleportation {unknown}
Potions
 k - a potion of cancellation {unknown}
 l - a potion of invisibility {unknown}


   Skills:
 * Level 3.7 Fighting
 * Level 4.1 Axes
 + Level 2.7 Armour
 * Level 2.8 Dodging
 * Level 2.0 Evocations


You had 4 spell levels left.
You didn't know any spells.
Your spell library was empty.

Dungeon Overview and Level Annotations

Branches:
Dungeon (3/15)

Altars:

Annotations:
D:2 Natasha


Innate Abilities, Weirdness & Mutations

You cannot be hasted, slowed, berserked, paralysed or teleported.
You can dig through walls and to a lower floor.
You have a pair of large antennae on your head. (SInv)
Your four strong arms can wield two-handed weapons with a shield.


Message History

d - 3 scrolls labelled RIH ROTIUPTAMU (gained 1)
You see here a +0 leather armour.
Things that are here:
a +0 helmet; a +0 animal skin; a +0 club
There is a stone staircase leading up here.
Natasha, Servant of Life and Death comes into view.
Natasha hisses angrily.
You see here a +0 chain mail.
o - a +0 chain mail Natasha mumbles some strange words.
You start removing your armour.
You continue taking off your +0 ring mail. x2
Natasha casts a spell.
Keep disrobing?
You continue taking off your +0 ring mail.
The iron imp barely misses you.
Natasha casts a spell.
You continue taking off your +0 ring mail.
The white imp closely misses you. The iron imp closely misses you.
You finish taking off your +0 ring mail.
The white imp hits you.
Keep equipping yourself?
The white imp freezes you.
You start putting on your armour.
You continue putting on your +0 chain mail.
The iron imp hits you! The white imp closely misses you.
You continue putting on your +0 chain mail.
Natasha stares at you and mumbles some strange words.
You resist with some effort.
The iron imp hits you but does no damage.
The white imp gestures at you. The puff of frost hits you!
You continue putting on your +0 chain mail.
Natasha stares at you and mumbles some strange words.
The magic dart hits you. The iron imp hits you. The white imp hits you.
The white imp freezes you.
* * * LOW HITPOINT WARNING * * *
You continue putting on your +0 chain mail.
Natasha claws you!
You die...

#########. #..#
#......... ...#
#......... ...
#.######## ..#
######.###### g.#
........†...# ..#
.#####.####.#####5>#
.#####.####[[..<@55##.#
.....).).#.......h....#
..................#####
...#####.#.########
#### #.#.# # #.#.# #
#.#.# # #...# #####


You could see an iron imp (summoned), Natasha, 2 white imps and a hobgoblin.

Vanquished Creatures
  Natasha (D:2)
  Robin (D:2)
  5 adders
  3 dart slugs
  An orc (D:2)
  4 bats
  4 endoplasms
  8 goblins
  11 hobgoblins
  2 jackals (D:2)
  9 ball pythons
  4 frilled lizards
  2 kobolds
  2 rats (D:2)
57 creatures vanquished.

Vanquished Creatures (others)
  7 toadstools (D:2)
7 creatures vanquished.

Grand Total: 64 creatures vanquished

Notes
Turn   | Place    | Note
-------+----------+-------------------------------------------
     0 | D:1      | cbfl8 the Formicid Berserker began the quest for the Orb.
     0 | D:1      | Reached XP level 1. HP: 18/18 MP: 1/1
   133 | D:1      | Reached XP level 2. HP: 20/24 MP: 2/2
   708 | D:1      | Reached XP level 3. HP: 28/29 MP: 3/3
  1277 | D:2      | You fall into a shaft and drop 1 floor!
  1722 | D:2      | Reached skill level 1 in Evocations
  1817 | D:2      | Reached XP level 4. HP: 22/37 MP: 4/4
  1856 | D:2      | Reached skill level 4 in Axes
  2101 | D:2      | You fall into a shaft and drop 1 floor!
  2139 | D:2      | Reached ** piety under Trog
  2214 | D:2      | Noticed Natasha
  2234 | D:2      | Killed Natasha
  2409 | D:2      | Noticed Robin
  2546 | D:2      | Reached XP level 5. HP: 42/42 MP: 5/5
  2835 | D:2      | Killed Robin
  3084 | D:2      | Noticed Natasha
  3095 | D:2      | Slain by Natasha

Illustrated notes

Levels and vault maps discovered:
D:1:      psy_arrival_terrarium, layout_basic, corexii_item_surrounded_by_moat
D:2:      cheibrodos_fertilizer, layout_loops_ring, minmay_surrounded,
          uniq_natasha, uniq_robin
D:3:      layout_loops_ring, overflow_temple_1_default,
          shapermc_ecumenical_altar_mp_ritualfount, nicolae_figureground_sparkle

Skill      XL: |  1  2  3  4  5 |
---------------+----------------+-----
Dodging        | 2 |  2.8
Evocations     | 1 2 |  2.0
Axes           | 4 |  4.1
Fighting       | |  3.7
Armour         | |  2.7

Action                   |  1- 3 |  4- 6 || total
-------------------------+-------+-------++-------
Melee: Hand axe          |   112 |    91 ||   203
       Punch             |     3 |     1 ||     4
Throw: Stone             |       |     4 ||     4
Invok: Trog's Hand       |       |     2 ||     2
 Abil: Shaft Self        |     1 |       ||     1
  Use: Potion            |     1 |       ||     1
 Stab: Sleeping          |     1 |       ||     1
Armor: Animal skin       |     6 |       ||     6
       Ring mail         |    34 |    35 ||    69
       Skin              |       |     1 ||     1
Dodge: Dodged            |    80 |    58 ||   138
